 Dungeon Crawl Stone Soup version 0.20.1-1-g8b1a95d (webtiles) character file.

88 Irenicus the Insei (level 4, -2/31 HPs)
             Began as an Octopode Chaos Knight on Oct 8, 2017.
             Slain by a gnoll
             ... wielding a +0 halberd
              (17 damage)
             ... on level 2 of the Dungeon.
             The game lasted 00:02:33 (1073 turns).

Irenicus the Insei (Octopode Chaos Knight)          Turns: 1073, Time: 00:02:34

Health: -2/31      AC:  1    Str: 15    XL:     4   Next: 54%
Magic:  4/4        EV: 13    Int: 14    God:    Xom [.....*]
Gold:   36         SH:  0    Dex: 12    Spells: 3/3 levels left

rFire    . . .     SeeInvis .     - Unarmed
rCold    . . .     Gourm    .   (no shield)
rNeg     . . .     Faith    .   (helmet restricted)
rPois    .         Spirit   .   (no amulet)
rElec    .         Reflect  .   d - +4 ring of strength
rCorr    .         Harm     .   (no ring)
MR       .....                  (no ring)
Stlth    +++.......             (no ring)
Regen    0.1/turn               (no ring)
MPRegen  0.1/turn               (no ring)
                                (no ring)
                                (no ring)

@: cleaving
A: almost no armour, stealthy swim, amphibious, 8 rings, constrict 8, camouflage
1, gelatinous body 1
a: Renounce Religion


You were on level 2 of the Dungeon.
You worshipped Xom.
You were Xom's teddy bear.
You were hungry.

You visited 1 branch of the dungeon, and saw 2 of its levels.

You collected 36 gold pieces.

Inventory:

Jewellery
 d - a +4 ring of strength (left tentacle)
Scrolls
 b - 3 scrolls of identify {unknown}
 c - a scroll of teleportation {unknown}
Potions
 e - a potion of lignification
 g - 2 potions of heal wounds {unknown}
 h - a potion of magic {unknown}
Comestibles
 a - a bread ration
 f - a meat ration


   Skills:
 - Level 3.0 Fighting
 - Level 2.3 Dodging
 + Level 2.4 Stealth
 + Level 4.8 Unarmed Combat


You had 3 spell levels left.
You didn't know any spells.

Dungeon Overview and Level Annotations

Branches:
Dungeon (2/15)

Altars:


Innate Abilities, Weirdness & Mutations

You cannot wear most types of armour.
You are very stealthy in the water. (Stealth+)
You are amphibious.
You can wear up to eight rings at the same time.
You can use your tentacles to constrict eight enemies at once.
Your skin changes colour to match your surroundings (Stealth+).
Your rubbery body absorbs attacks. (AC +1, EV +1)


Message History

You constrict the gnoll. x2
The gnoll shouts!
The gnoll hits you. The gnoll hits you with a spear!
You tentacle-slap the gnoll.
You kill the gnoll!
You constrict the gnoll. You tentacle-slap the gnoll.
You kill the gnoll!
The gnoll barely misses you.
You tentacle-slap the gnoll. Your grab misses the gnoll.
The gnoll is moderately wounded. "Go forth and cause havoc, mortal!"
Your tentacles look sharp.
The gnoll barely misses you.
You tentacle-slap the gnoll. You grab the gnoll.
You tentacle-slap the gnoll, but do no damage.
The gnoll is moderately wounded.
You constrict the gnoll. The gnoll hits you with a halberd!
Ouch! That really hurt!
You die...

## .######## ........#
........# ........#
########### .#.###+##
...#.....# †...#
####.#)#@###.# ....#
......†g.# #.#
....################.#
....#................#
....#.################
....#.####.......#
.........#.#####'###
#####.#.##.........#
...........>.......#


You could see a gnoll.

Vanquished Creatures
  2 gnolls (D:2)
  3 adders (D:2)
  An ooze (D:2)
  A dart slug (D:1)
  4 hobgoblins
  4 jackals (D:2)
  4 kobolds
  A quokka (D:2)
  A ball python (D:2)
  4 bats
  4 frilled lizards
  5 goblins
  5 rats
39 creatures vanquished.

Notes
Turn   | Place    | Note
-------+----------+-------------------------------------------
     0 | D:1      | Irenicus the Octopode Chaos Knight began the quest for the Orb.
     0 | D:1      | Reached XP level 1. HP: 16/16 MP: 1/1
    49 | D:1      | XOM: divination: detect items
   121 | D:1      | Reached XP level 2. HP: 17/21 MP: 2/2
   240 | D:1      | XOM: silly message
   681 | D:2      | Reached skill level 4 in Unarmed Combat
   691 | D:2      | Reached XP level 3. HP: 23/26 MP: 3/3
   708 | D:2      | Reached skill level 1 in Stealth
   712 | D:2      | XOM is BORED!
   712 | D:2      | XOM: 3-stop teleportation journey
   805 | D:2      | XOM: scenery: 2 doors open
   874 | D:2      | Reached XP level 4. HP: 17/31 MP: 4/4
  1072 | D:2      | XOM: cleaving
  1073 | D:2      | Slain by a gnoll

Skill      XL: |  1  2  3  4 |
---------------+-------------+-----
Unarmed Combat | 4 |  4.8
Stealth        | 1 2 |  2.4
Fighting       | |  3.0
Dodging        | |  2.3

Action                   |  1- 3 |  4- 6 || total
-------------------------+-------+-------++-------
Melee: Unarmed           |    66 |    17 ||    83
       Constrict         |    15 |     6 ||    21
       Tentacles         |     3 |     3 ||     6
       Punch             |       |     1 ||     1
  Use: Potion            |     1 |       ||     1
 Stab: Sleeping          |     8 |     2 ||    10
Armor: Skin              |     5 |       ||     5
Dodge: Dodged            |    37 |     5 ||    42
